 Dungeon Crawl Stone Soup version 0.27-a0-412-g8dd771eca2 (console) character file.

Game seed: 5997424970169117415

160 Garrluk the Magician (level 5, -6/28 HPs)
             Began as a Deep Elf Fire Elementalist on Feb 24, 2021.
             Killed from afar by an orc wizard (10 damage)
             ... with a magic dart
             ... on level 4 of the Dungeon.
             The game lasted 00:04:18 (624 turns).

Garrluk the Magician (Deep Elf Fire Elementalist)    Turns: 624, Time: 00:04:18

Health: -6/28      AC:  2    Str:  5    XL:     5   Next: 17%
Magic:  0/13       EV: 13    Int: 21    God:
Gold:   55         SH:  0    Dex: 15    Spells: 8/12 levels left

rFire    . . .     SeeInvis .   b - +0 dagger
rCold    . . .     Faith    .   (no shield)
rNeg     . . .     Spirit   .   a - +0 robe
rPois    .         Reflect  .   (no helmet)
rElec    .         Harm     .   (no cloak)
rCorr    .         Rampage  .   (no gloves)
Will     .....                  (no boots)
Stlth    ++........             (no amulet)
HPRegen  0.09/turn              (no ring)
MPRegen  0.13/turn              (no ring)

@: no status effects
A: no striking features
a: no special abilities


You were on level 4 of the Dungeon.
You visited 1 branch of the dungeon, and saw 4 of its levels.

You collected 55 gold pieces.

Notes
Turn   | Place    | Note
-------+----------+-------------------------------------------
     0 | D:1      | Garrluk the Deep Elf Fire Elementalist began the quest for
                  | the Orb.
     0 | D:1      | Reached XP level 1. HP: 10/10 MP: 6/6
     0 | D:1      | Noticed a vine stalker
     1 | D:1      | Noticed a troll
     3 | D:1      | Noticed a centaur
     5 | D:1      | Noticed an elf
    10 | D:1      | Noticed a vampire
    14 | D:1      | Noticed a vine stalker
    14 | D:1      | Noticed a minotaur zombie
    18 | D:1      | Noticed an octopode
   119 | D:1      | Reached XP level 2. HP: 11/15 MP: 1/8
   295 | D:2      | Reached XP level 3. HP: 19/19 MP: 8/10
   405 | D:3      | Learned a level 3 spell: Conjure Flame
   534 | D:4      | Reached XP level 4. HP: 20/24 MP: 6/12
   622 | D:4      | Reached XP level 5. HP: 9/28 MP: 1/13
   624 | D:4      | Killed from afar by an orc wizard

Inventory:

Hand Weapons
 b - a +0 dagger (weapon)
   (You took it off a goblin on level 1 of the Dungeon)
Missiles
 e - 6 poisoned darts
Armour
 a - a +0 robe (worn)
Scrolls
 c - 3 scrolls of identify {unknown}
 f - a scroll of teleportation {unknown}
Potions
 d - a potion of attraction {unknown}
 g - a potion of lignification {unknown}
 h - a potion of ambrosia {unknown}

Table legend: (Time is in decaauts)
 A = Elapsed time spent in this place.
 B = Non-inter-level travel time spent in this place.
 C = Inter-level travel time spent in this place.
 D = Time resting spent in this place.
 E = Time spent auto-exploring this place.
 F = Levels seen in this place.
 G = Mean time per level.
                   A        B        C        D        E       F      G
               +--------+--------+--------+--------+--------+-----+--------+
         Total |    622 |    622 |      0 |      0 |      0 |   4 |  155.5 |
       Dungeon |    622 |    622 |      0 |      0 |      0 |   4 |  155.5 |
               +--------+--------+--------+--------+--------+-----+--------+

Top non-repeatable levels by time:
     D:4: 217 daAuts
     D:1: 185 daAuts
     D:2: 157 daAuts
     D:3: 61 daAuts


   Skills:
 - Level 2.4 Dodging
 - Level 2.4 Stealth
 + Level 4.4 Spellcasting
 * Level 4.0 Conjurations
 + Level 4.3 Fire Magic


You had 8 spell levels left.
You knew the following spells:

 Your Spells              Type           Power        Failure   Level
a - Foxfire               Conj/Fire      88%          1%          1
b - Conjure Flame         Conj/Fire      22%          6%          3

Your spell library contained the following spells:

 Spells                   Type           Power        Failure   Level
 Inner Flame              Hex/Fire       13%          14%         3
 Sticky Flame             Conj/Fire      22%          21%         4
 Fireball                 Conj/Fire      11%          50%         5


Dungeon Overview and Level Annotations

Branches:
Dungeon (4/15)
 Temple: D:4-7

Altars:


Message History

The howler monkey is heavily wounded.
The foxfire hits the howler monkey.
The howler monkey is heavily wounded.
The howler monkey hits you.
Casting: Foxfire (safe; 2% risk of failure)
Confirm with . or Enter, or press ? or * to list all spells.
You conjure some foxfire!
The howler monkey hits you! Something hits you. The howler monkey hits you.
Casting: Foxfire (safe; 2% risk of failure)
Confirm with . or Enter, or press ? or * to list all spells.
You conjure some foxfire!
The foxfire hits the howler monkey.
The howler monkey is severely wounded.
The foxfire hits the howler monkey.
The howler monkey is severely wounded.
The howler monkey barely misses you. Something hits you.
Casting: Foxfire (safe; 2% risk of failure)
Confirm with . or Enter, or press ? or * to list all spells.
You conjure some foxfire!
The foxfire hits the howler monkey.
You kill the howler monkey!
The foxfire hits something!
Something hits you.
* * * LOW HITPOINT WARNING * * *
Your Conjurations skill increases to level 4!
You have reached level 5!
Casting: Foxfire (safe; 1% risk of failure)
Confirm with . or Enter, or press ? or * to list all spells.
You conjure some foxfire!
The foxfire hits something.
The foxfire hits the orc.
The orc is heavily wounded.
The foxfire hits the orc!
You kill the orc!
You hear some strange, mumbled words.
A magic dart appears from out of thin air!
The magic dart hits you.
* * * LOW HITPOINT WARNING * * *
You hit something but do no damage.
The foxfire hits something but does no damage.
Something hits you but does no damage.
You miss something.
You hear some strange, mumbled words.
A magic dart appears from out of thin air!
The magic dart hits you!
You die...

........<#.........#
..
.#################.#
#.. .# .{h#######.#
..# .# #oo.....#.# .#
##########.#.## .#
#.............# .#
#...........).#
.####.#...........(.#
......#..........[..#
.#### #........{)...#
...# #.........@...#
...# #.........ยง...#
#.## #.............#
#.# #.............#
#.# #.............#
#.# #........(....#
#.# #.............#
#.# ###############
..# ### ..#


There were no monsters in sight!

Table legend:
 A = Kills in this place as a percentage of kills in entire the game.
 B = Kills by you in this place as a percentage of kills by you in the entire game.
 C = Kills by friends in this place as a percentage of kills by friends in the entire game.
 D = Other kills in this place as a percentage of other kills in the entire game.
 E = Experience gained in this place as a percentage of experience gained in the entire game.
 F = Experience gained in this place divided by the number of levels of this place that you have seen.
                   A       B       C       D       E      F
               +-------+-------+-------+-------+-------+----------------------
         Total | 100.0 | 100.0 |   N/A |   N/A | 100.0 |  57.2
       Dungeon | 100.0 | 100.0 |   N/A |   N/A | 100.0 |  57.2
               +-------+-------+-------+-------+-------+----------------------

Vanquished Creatures
  Monster Symbol All 'B'
  3 giant cockroaches
3 creatures vanquished. All 'K' 2 kobolds (D:3)
2 creatures vanquished. All 'S' 2 adders A ball python (D:1)
3 creatures vanquished. All 'Z' A bullfrog skeleton (D:4) A jackal skeleton (D:4)
2 creatures vanquished. All 'b' A bat (D:2)
1 creature vanquished. All 'g' A gnoll (D:1) 4 goblins 2 hobgoblins
7 creatures vanquished. All 'h' A howler monkey (D:4) 2 jackals (D:4)
3 creatures vanquished. All 'l' A leopard gecko (D:1) 2 frilled lizards
3 creatures vanquished. All 'o' An orc wizard (D:4) 4 orcs (D:4)
5 creatures vanquished. All 'r' 5 rats
5 creatures vanquished. All 'v' 103 foxfires
103 creatures vanquished. All 'w' A worm (D:3) A dart slug (D:2)
2 creatures vanquished.
139 creatures vanquished. Monster Nature Natural Monsters A howler monkey (D:4) An orc wizard (D:4) A gnoll (D:1) 2 adders A worm (D:3) A dart slug (D:2) A leopard gecko (D:1) 4 orcs (D:4) A ball python (D:1) A bat (D:2) 3 giant cockroaches 4 goblins 2 hobgoblins 2 jackals (D:4) 2 kobolds (D:3) 2 frilled lizards 5 rats
34 creatures vanquished. Non-Living Monsters 103 foxfires
103 creatures vanquished. Undead Monsters A bullfrog skeleton (D:4) A jackal skeleton (D:4)
2 creatures vanquished.
139 creatures vanquished. Ascending Order A howler monkey (D:4) A bullfrog skeleton (D:4) An orc wizard (D:4) A gnoll (D:1) A worm (D:3) A dart slug (D:2) A leopard gecko (D:1) A bat (D:2) A ball python (D:1) A jackal skeleton (D:4) 2 adders 2 kobolds (D:3) 2 hobgoblins 2 jackals (D:4) 2 frilled lizards 3 giant cockroaches 4 orcs (D:4) 4 goblins 5 rats 103 foxfires
139 creatures vanquished. The 3-digit Club 103 foxfires
103 creatures vanquished.

Action                   |  1- 3 |  4- 6 || total
-------------------------+-------+-------++-------
Melee: Unarmed           |     3 |       ||     3
       Dagger            |    22 |     5 ||    27
 Cast: Foxfire           |    40 |    18 ||    58
 Stab: Sleeping          |     1 |       ||     1
Armor: Robe              |     4 |       ||     4
Dodge: Dodged            |    16 |     2 ||    18
